 Dungeon Crawl Stone Soup version 0.24-a0-525-g9231cdcba1 (webtiles) character file.

Game seed: 2788312597811295994

2769 Froggeryz the Cleaver (level 9, 0/93 HPs)
             Began as a Minotaur Fighter on Aug 2, 2019.
             Was a Believer of Okawaru.
             Slain by a killer bee (2 damage)
             ... while paralysed
             ... on level 7 of the Dungeon.
             The game lasted 00:10:29 (6269 turns).

Froggeryz the Cleaver (Minotaur Fighter)            Turns: 6269, Time: 00:10:30

Health: 0/93       AC:  9    Str: 21    XL:     9   Next: 42%
Magic:  5/5        EV:  2    Int:  7    God:    Okawaru [**....]
Gold:   496        SH:  0    Dex: 11    Spells: 7/8 levels left

rFire    . . .     SeeInvis +   a - +0 war axe
rCold    . . .     Gourm    .   c - +0 shield
rNeg     . . .     Faith    .   b - +0 scale mail
rPois    .         Spirit   .   (helmet restricted)
rElec    .         Reflect  .   v - scarf {cloud immunity}
rCorr    .         Harm     .   x - +0 pair of gloves
MR       +....                  G - +0 pair of boots
Stlth    ..........             (no amulet)
HPRegen  0.25/turn              B - +3 ring of evasion
MPRegen  0.09/turn              u - ring of see invisible

@: paralysed, lethally poisoned (0 -> -62), fainting
A: retaliatory headbutt, horns 2, low mp 3, magic resistance 1, robust 1,
screaming 1
a: Heroism, Renounce Religion


You were on level 7 of the Dungeon.
You worshipped Okawaru.
Okawaru was pleased with you.
You were fainting.

You visited 2 branches of the dungeon, and saw 8 of its levels.

You collected 496 gold pieces.

Inventory:

Hand Weapons
 a - a +0 war axe (weapon)
 n - a +0 falchion of flaming
Missiles
 g - 63 poisoned darts (quivered)
 h - 10 boomerangs
Armour
 b - a +0 scale mail (worn)
 c - a +0 shield (worn)
 v - a scarf of cloud immunity (worn)
 x - a +0 pair of gloves (worn)
 A - a +2 cloak
 G - a +0 pair of boots (worn)
Jewellery
 u - a ring of see invisible (right hand)
 B - a +3 ring of evasion (left hand)
Wands
 y - a wand of paralysis (4)
Scrolls
 i - 2 scrolls of amnesia {unknown}
 j - 2 scrolls of teleportation
 l - 6 scrolls of identify
 m - 3 scrolls of remove curse
 o - a scroll of magic mapping {unknown}
 r - a scroll of immolation {unknown}
 w - a scroll of blinking {unknown}
 C - a scroll of random uselessness {unknown}
 F - a scroll of acquirement {unknown}
Potions
 d - a potion of might
 e - 2 potions of berserk rage {unknown}
 k - 4 potions of curing
 p - a potion of flight {unknown}
 q - a potion of lignification {unknown}
 s - a potion of ambrosia {unknown}
 t - a potion of heal wounds {unknown}
 z - a potion of brilliance {unknown}
 D - a potion of invisibility
 E - a potion of cancellation {unknown}
 H - a potion of haste {unknown}
Comestibles
 f - 9 rations


   Skills:
 + Level 9.6 Fighting
 * Level 12.5 Axes
 - Level 3.6 Armour
 - Level 3.6 Shields


You had 7 spell levels left.
You knew the following spells:

 Your Spells              Type           Power        Failure   Level  Hunger
a - Animate Skeleton      Necr           N/A          99%         1    ##.....

Your spell library contained the following spells:

 Spells                   Type           Power        Failure   Level  Hunger
 Beastly Appendage        Tmut           #.....       99%         1    ##.....
 Pain                     Necr           #...         99%         1    ##.....
 Sticks to Snakes         Tmut           #.......     100%        2    ###....
 Sublimation of Blood     Necr           #.........   100%        2    ###....
 Spider Form              Tmut/Pois      #.........   100%        3    ####...
 Vampiric Draining        Necr           #.........   100%        3    ####...
 Ice Form                 Ice/Tmut       #.......     100%        4    #####..
 Blade Hands              Tmut           #.........   100%        5    ######.


Dungeon Overview and Level Annotations

Branches:
Dungeon (7/15)             Temple (1/1) D:4

Altars:
Ashenzari
Fedhas
Kikubaaqudgha
Okawaru

Shops:
D:5 }

Annotations:
D:3 1 runed translucent door, bmj180's ghost, novice GrEE


Innate Abilities, Weirdness & Mutations

You reflexively headbutt those who attack you in melee.
You have a pair of horns on your head.
Your magical capacity is extremely low. (-30% MP)
You are resistant to hostile enchantments. (MR+)
You are robust. (+10% HP)
You occasionally shout uncontrollably at your foes.


Message History

The killer bee poisons you!
The killer bee stings you but does no damage.
The killer bee completely misses you. The killer bee stings you.
* * * LOW HITPOINT WARNING * * *
You are more poisoned.
The killer bee poisons you! The killer bee stings you.
* * * LOW HITPOINT WARNING * * *
The killer bee stings you.
* * * LOW HITPOINT WARNING * * *
The worker ant bites you but does no damage.
* * * LOW HITPOINT WARNING * * *
You feel very sick. The killer bee stings you.
* * * LOW HITPOINT WARNING * * *
You are more poisoned.
The killer bee poisons you! The killer bee stings you.
* * * LOW HITPOINT WARNING * * *
You are more poisoned.
The killer bee poisons you! The killer bee stings you.
You die...

##..##...##...######
##..##...#.........#
#....#...#.........#
#(..#############...#
#...##...##..###.####
#........#>......(#
#........#........#
##..##...#.....ay.#
####....#.....y@.##
#...###.####y..#
#..########.####
#............#
##..........>#
#............#
#$...........#
##..#...###.##
######.# ###


You could see a worker ant and 3 killer bees.

Vanquished Creatures
  Sigmund (D:6)
  A hungry ghost (D:7)
  Edmund (D:6)
  Menkaure (D:7)
  An orc warrior (D:6)
  An ice beast (D:6)
  4 sky beasts
  A black bear (D:7)
  4 ogres
  A phantom (D:4)
  A big kobold (D:4)
  2 bullfrogs (D:6)
  2 scorpions
  A cyclops skeleton (D:6)
  2 crimson imps
  A bullfrog zombie (D:5)
  A jelly (D:6)
  2 hounds
  2 orc priests (D:5)
  2 bullfrog skeletons
  2 orc wizards
  An iguana (D:6)
  5 worker ants
  A hound skeleton (D:4)
  Robin (D:3)
  3 gnolls (D:3)
  13 adders
  2 shadow imps (D:5)
  An ooze (D:1)
  An adder skeleton (D:4)
  4 worms
  7 dart slugs
  5 leopard geckos
  23 orcs
  A ball python (D:1)
  9 bats
  7 giant cockroaches
  8 hobgoblins
  8 jackals
  29 kobolds
  2 quokkas
  A ball python skeleton (D:6)
  4 frilled lizards
  22 goblins
  A hobgoblin skeleton (D:4)
  An orc skeleton (D:6)
  A quokka skeleton (D:6)
  9 rats
  2 plants (D:4)
206 creatures vanquished.

Vanquished Creatures (others)
  2 plants (D:4)
2 creatures vanquished.

Grand Total: 208 creatures vanquished

Notes
Turn   | Place    | Note
-------+----------+-------------------------------------------
     0 | D:1      | Froggeryz the Minotaur Fighter began the quest for the Orb.
     0 | D:1      | Reached XP level 1. HP: 19/19 MP: 0/0
    20 | D:1      | Reached skill level 3 in Axes
    28 | D:1      | Reached XP level 2. HP: 25/27 MP: 1/1
   190 | D:1      | Reached XP level 3. HP: 33/33 MP: 2/2
   253 | D:1      | Reached skill level 4 in Axes
   770 | D:2      | Reached XP level 4. HP: 37/41 MP: 3/3
   944 | D:2      | Found a blossoming altar of Fedhas.
   950 | D:2      | Reached skill level 5 in Axes
  1482 | D:3      | Reached XP level 5. HP: 47/47 MP: 4/4
  1535 | D:3      | Reached skill level 5 in Fighting
  1543 | D:3      | Noticed Robin
  1560 | D:3      | Found a faded altar of an unknown god.
  1790 | D:3      | Killed Robin
  1790 | D:3      | Reached skill level 6 in Axes
  1836 | D:3      | Became a worshipper of Kikubaaqudgha
  1836 | D:3      | Reached * piety under Kikubaaqudgha
  1836 | D:3      | Identified Kikubaaqudgha's Guide on Necromancy
                  | (Kikubaaqudgha gifted it to you on level 3 of the Dungeon)
  1836 | D:3      | Received a gift from Kikubaaqudgha
  1879 | D:3      | Learned a level 1 spell: Animate Skeleton
  2121 | D:3      | Found a runed translucent door.
  2121 | D:3      | Noticed bmj180's ghost (novice GrEE)
  2221 | D:3      | Reached ** piety under Kikubaaqudgha
  2351 | D:3      | Reached XP level 6. HP: 51/56 MP: 5/5
  2450 | D:4      | Reached skill level 7 in Axes
  2790 | D:4      | Gained mutation: Your magical capacity is low. (-10% MP)
                  | [mutagenic glow]
  2899 | D:4      | Gained mutation: Armour fits poorly on your strangely
                  | shaped body. [mutagenic glow]
  2912 | D:4      | Found a staircase to the Ecumenical Temple.
  2925 | D:4      | Reached XP level 7. HP: 40/63 MP: 5/5
  3181 | D:4      | Gained mutation: You are clumsy. (Dex -2) [mutagenic glow]
  3253 | D:4      | Reached skill level 8 in Axes
  3257 | D:4      | Gained mutation: Your body sometimes deteriorates upon
                  | taking damage. [mutagenic glow]
  3300 | D:4      | Gained mutation: You occasionally shout uncontrollably at
                  | your foes. [mutagenic glow]
  3337 | D:4      | Gained mutation: You are weak. (Str -2) [mutagenic glow]
  3438 | D:4      | Found an iron altar of Okawaru.
  3460 | D:4      | Fell from the grace of Kikubaaqudgha
  3460 | D:4      | Became a worshipper of Warmaster Okawaru
  4361 | Temple   | Entered the Ecumenical Temple
  4386 | D:5      | Entered Level 5 of the Dungeon
  4397 | D:5      | Reached skill level 9 in Axes
  4481 | D:5      | Reached XP level 8. HP: 44/73 MP: 6/6
  4617 | D:5      | Found Fimyaman's Gadget Emporium.
  4850 | D:5      | Reached skill level 10 in Axes
  4881 | D:5      | Reached * piety under Okawaru
  4938 | D:5      | Lost mutation: Your magical capacity is low. (-10% MP)
                  | [potion of mutation]
  4938 | D:5      | Lost mutation: You are weak. (Str -2) [potion of mutation]
  4938 | D:5      | Lost mutation: Your body sometimes deteriorates upon taking
                  | damage. [potion of mutation]
  4938 | D:5      | Gained mutation: You are partially covered in rugged brown
                  | scales. (AC +1, +3% HP) [potion of mutation]
  4938 | D:5      | Gained mutation: You are resistant to hostile enchantments.
                  | (MR+) [potion of mutation]
  4938 | D:5      | Gained mutation: You can translocate small distances at
                  | will. [potion of mutation]
  4939 | D:5      | Lost mutation: Armour fits poorly on your strangely shaped
                  | body. [potion of mutation]
  4939 | D:5      | Lost mutation: You are clumsy. (Dex -2) [potion of
                  | mutation]
  4939 | D:5      | Lost mutation: You can translocate small distances at will.
                  | [potion of mutation]
  4939 | D:5      | Lost mutation: You are partially covered in rugged brown
                  | scales. (AC +1, +3% HP) [potion of mutation]
  4939 | D:5      | Gained mutation: Your magical capacity is low. (-10% MP)
                  | [potion of mutation]
  4939 | D:5      | Gained mutation: Your magical capacity is very low. (-20%
                  | MP) [potion of mutation]
  4939 | D:5      | Gained mutation: Your magical capacity is extremely low.
                  | (-30% MP) [potion of mutation]
  4939 | D:5      | Gained mutation: You are robust. (+10% HP) [potion of
                  | mutation]
  5321 | D:6      | Noticed Edmund
  5334 | D:6      | Killed Edmund
  5334 | D:6      | Reached skill level 11 in Axes
  5512 | D:6      | Noticed Sigmund
  5520 | D:6      | Killed Sigmund
  5594 | D:6      | Found a shattered altar of Ashenzari.
  5737 | D:6      | Reached XP level 9. HP: 85/90 MP: 5/5
  6154 | D:7      | Reached skill level 12 in Axes
  6175 | D:7      | Noticed Menkaure
  6182 | D:7      | Killed Menkaure
  6182 | D:7      | Reached ** piety under Okawaru
  6264 | D:7      | Paralysed by fainting for 5 turns
  6269 | D:7      | HP: 2/93 [killer bee (4)]
  6269 | D:7      | Slain by a killer bee

Levels and vault maps discovered:
D:1:      lordsloth_arrival_two_stooges, layout_basic, minmay_pentomino_r2
D:2:      layout_basic, lemuel_crystal_altar
D:3:      layout_loops_ring, chequers_ecumenical_altar_island,
          gammafunk_ghost_grave, uniq_robin
D:4:      kennysheep_kobold_camp, layout_basic, okawaru_trees_2,
          minmay_temple_entry_overgrown, first_ration, corexii_corridor_pit
D:5:      layout_cave_pools, serial_shops, shop
D:6:      layout_rooms, ashenzari_conservatory_becter, sigmund_edmund_badplayer
D:7:      layout_gridville, uniq_menkaure
Temple:   nicolae_temple_figure_eight

Skill      XL: |  1  2  3  4  5  6  7  8  9 |
---------------+----------------------------+-----
Axes           | 3 4 5 6 7 9 11 12 | 12.5
Fighting       | 4 5 6 7 8 9 |  9.6
Armour         | |  3.6
Shields        | |  3.6

Action                   |  1- 3 |  4- 6 |  7- 9 || total
-------------------------+-------+-------+-------++-------
Melee: War axe           |    88 |   187 |   232 ||   507
       Headbutt          |    14 |    29 |    47 ||    90
Evoke: Wand              |       |       |     4 ||     4
  Use: Scroll            |     2 |     2 |       ||     4
       Potion            |       |     2 |     2 ||     4
 Stab: Distracted        |     1 |       |       ||     1
       Paralysed         |       |       |     6 ||     6
  Eat: Chunk             |       |     8 |    12 ||    20
Armor: Scale mail        |     7 |    72 |    90 ||   169
       Robe              |    16 |       |       ||    16
Dodge: Dodged            |    35 |    59 |    58 ||   152
Block: Shield            |    46 |   119 |   100 ||   265

Table legend:
 A = Non-vault XP
 B = Vault XP
 C = Vault XP percentage of total XP
 D = Non-vault monster count
 E = Vault monster count
 F = Vault count percentage of total count
                 A         B        C        D         E       F
            +---------+---------+-------+---------+---------+-------
      Total |    3238 |     718 |  18.1 |     160 |      37 |  18.8
            +---------+---------+-------+---------+---------+-------
        D:1 |      64 |       2 |   3.0 |      29 |       1 |   3.3
        D:2 |     129 |       0 |   0.0 |      24 |       0 |   0.0
        D:3 |     152 |      36 |  19.1 |      38 |      12 |  24.0
        D:4 |     767 |     129 |  14.4 |      21 |      21 |  50.0
        D:5 |     619 |       0 |   0.0 |      20 |       0 |   0.0
        D:6 |     798 |     386 |  32.6 |      19 |       2 |   9.5
        D:7 |     709 |     165 |  18.9 |       9 |       1 |  10.0
            +---------+---------+-------+---------+---------+-------
